 Dungeon Crawl Stone Soup version 0.23-a0-516-g0f8c245 (webtiles) character file.

451 CougarLife the Shield-Bearer (level 7, -1/59 HPs)
             Began as a Gnoll Fighter on Sept 23, 2018.
             Killed from afar by Sigmund (5 damage)
             ... with a magic dart
             ... on level 3 of the Dungeon on Dec 5, 2018.
             The game lasted 00:05:05 (2025 turns).

CougarLife the Shield-Bearer (Gnoll Fighter)        Turns: 2025, Time: 00:05:06

Health: -1/59      AC:  9    Str: 21    XL:     7   Next: 4%
Magic:  10/10      EV:  9    Int: 10    God:
Gold:   61         SH: 11    Dex: 14    Spells: 10/10 levels left

rFire    . . .     SeeInvis .   a - +0 war axe
rCold    . . .     Gourm    .   c - +0 shield
rNeg     . . .     Faith    .   b - +0 scale mail
rPois    .         Spirit   .   o - +0 helmet
rElec    .         Reflect  .   (no cloak)
rCorr    .         Harm     .   (no gloves)
MR       .....                  (no boots)
Stlth    +.........             (no amulet)
HPRegen  0.19/turn              (no ring)
MPRegen  0.12/turn              (no ring)

@: no status effects
A: distributed training, fangs 1, strong nose
a: no special abilities


You were on level 3 of the Dungeon.
You were not hungry.

You visited 1 branch of the dungeon, and saw 3 of its levels.

You collected 61 gold pieces.

Inventory:

Hand Weapons
 a - a +0 war axe (weapon)
Armour
 b - a +0 scale mail (worn)
 c - a +0 shield (worn)
 o - a +0 helmet (worn)
Wands
 g - a wand of flame (41)
 s - a wand of iceblast (11)
Scrolls
 h - 3 scrolls of identify {unknown}
 j - 4 scrolls of teleportation {unknown}
 k - 3 scrolls of magic mapping {unknown}
 m - 2 scrolls of noise {unknown}
 p - 2 scrolls of remove curse {unknown}
 q - a scroll of amnesia {unknown}
 r - a scroll of enchant armour {unknown}
Potions
 e - 2 potions of flight {unknown}
 i - 2 potions of resistance {unknown}
 l - a potion of mutation {unknown}
 n - a potion of lignification {unknown}
Comestibles
 d - 6 chunks of flesh
 f - 2 rations


   Skills:
 + Level 6.9 Fighting
 + Level 2.2 Short Blades
 + Level 2.2 Long Blades
 + Level 5.1 Axes
 + Level 2.2 Maces & Flails
 + Level 2.2 Polearms
 + Level 2.2 Staves
 + Level 2.2 Slings
 + Level 2.2 Bows
 + Level 2.2 Crossbows
 + Level 2.2 Throwing
 + Level 6.9 Armour
 + Level 2.2 Dodging
 + Level 2.2 Stealth
 + Level 6.9 Shields
 + Level 2.2 Unarmed Combat
 + Level 2.2 Spellcasting
 + Level 1.7 Conjurations
 + Level 1.7 Hexes
 + Level 1.7 Charms
 + Level 1.7 Summonings
 + Level 1.7 Necromancy
 + Level 1.7 Translocations
 + Level 1.7 Transmutations
 + Level 1.7 Fire Magic
 + Level 1.7 Ice Magic
 + Level 1.7 Air Magic
 + Level 1.7 Earth Magic
 + Level 1.7 Poison Magic
 + Level 2.4 Invocations
 + Level 2.2 Evocations


You had 10 spell levels left.
You didn't know any spells.
Your spell library was empty.

Dungeon Overview and Level Annotations

Branches:
Dungeon (3/15)

Altars:
Ashenzari

Annotations:
D:3 1 runed door, Sigmund


Innate Abilities, Weirdness & Mutations

Your experience applies equally to all skills.
You have very sharp teeth.
Your uncanny sense of smell can sniff out nearby items.


Message History

You hit something. You miss something. Something hits you.
You closely miss something. Your bite misses something. Something hits you!
Your shield and scale mail prevent you from hitting something.
Something hits you.
You closely miss something. Something hits you.
You miss something. You bite something. Something hits you!
* * * LOW HITPOINT WARNING * * *
You miss something. Something hits you.
* * * LOW HITPOINT WARNING * * *
You miss something. You bite something.
You hear some strange, mumbled words.
A puff of flame appears from out of thin air!
The puff of flame hits you!
* * * LOW HITPOINT WARNING * * *
You miss something. Your bite misses something.
You hear some strange, mumbled words.
A magic dart appears from out of thin air!
The magic dart hits you!
You die...

....##.##.##.##..#.# #.#
....##..#.##.##..#.###########.#
....##.#..##.##................##
......###....###.#.# #####.....
..[.#..#...#.......# #.####
........##'#####.### #.#
.#.>....##.## #.# #.#
#####.###8.8####.# #.#### ......#
##.##...@# #..... ......#
##.####### ###### #####...#8.8#
.(......##.## #######.##.##
.#8.8# ##########.########## ###
#8##8##8##.##8##8##8#####..
..........)..........'.##.#


There were no monsters in sight!

Vanquished Creatures
  Grinder (D:3)
  An orc priest (D:3)
  Jessica (D:3)
  An orc wizard (D:3)
  Robin (D:2)
  5 adders
  A worm (D:3)
  2 dart slugs
  2 leopard geckos
  6 orcs (D:3)
  A ball python (D:2)
  9 bats
  A giant cockroach (D:1)
  19 goblins
  14 hobgoblins
  4 jackals (D:2)
  10 kobolds
  A quokka (D:3)
  3 frilled lizards
  12 rats
95 creatures vanquished.

Vanquished Creatures (others)
  A plant (D:2)
1 creature vanquished.

Grand Total: 96 creatures vanquished

Notes
Turn   | Place    | Note
-------+----------+-------------------------------------------
     0 | D:1      | CougarLife the Gnoll Fighter began the quest for the Orb.
     0 | D:1      | Reached XP level 1. HP: 23/23 MP: 1/1
    98 | D:1      | Reached XP level 2. HP: 24/29 MP: 2/2
   362 | D:1      | Reached XP level 3. HP: 35/35 MP: 3/3
   661 | D:2      | Reached skill level 1 in Invocations
   677 | D:2      | Reached skill level 1 in Short Blades
   677 | D:2      | Reached skill level 1 in Long Blades
   677 | D:2      | Reached skill level 1 in Maces & Flails
   677 | D:2      | Reached skill level 1 in Polearms
   677 | D:2      | Reached skill level 1 in Staves
   677 | D:2      | Reached skill level 1 in Slings
   677 | D:2      | Reached skill level 1 in Bows
   677 | D:2      | Reached skill level 1 in Crossbows
   677 | D:2      | Reached skill level 1 in Throwing
   677 | D:2      | Reached skill level 1 in Dodging
   677 | D:2      | Reached skill level 1 in Stealth
   677 | D:2      | Reached skill level 1 in Unarmed Combat
   677 | D:2      | Reached skill level 1 in Spellcasting
   677 | D:2      | Reached skill level 1 in Evocations
   678 | D:2      | Upgraded the game from 0.23-a0-183-gf37f6fb to
                  | 0.23-a0-516-g0f8c245
   743 | D:2      | Reached XP level 4. HP: 34/41 MP: 5/5
  1001 | D:2      | Found a shattered altar of Ashenzari.
  1005 | D:2      | Saw a vision of the Swamp and the Snake Pit.
  1005 | D:2      | Noticed an alligator
  1005 | D:2      | Noticed a water moccasin
  1005 | D:2      | Noticed an alligator
  1005 | D:2      | Noticed an alligator
  1005 | D:2      | Noticed a naga
  1005 | D:2      | Noticed a black mamba
  1005 | D:2      | Noticed a black mamba
  1005 | D:2      | Noticed a mana viper
  1005 | D:2      | Noticed an alligator
  1006 | D:2      | Noticed an alligator
  1006 | D:2      | Noticed an alligator
  1007 | D:2      | Noticed a naga
  1066 | D:2      | Noticed Robin
  1094 | D:2      | Reached skill level 1 in Conjurations
  1094 | D:2      | Reached skill level 1 in Hexes
  1094 | D:2      | Reached skill level 1 in Charms
  1094 | D:2      | Reached skill level 1 in Summonings
  1094 | D:2      | Reached skill level 1 in Necromancy
  1094 | D:2      | Reached skill level 1 in Translocations
  1094 | D:2      | Reached skill level 1 in Transmutations
  1094 | D:2      | Reached skill level 1 in Fire Magic
  1094 | D:2      | Reached skill level 1 in Ice Magic
  1094 | D:2      | Reached skill level 1 in Air Magic
  1094 | D:2      | Reached skill level 1 in Earth Magic
  1094 | D:2      | Reached skill level 1 in Poison Magic
  1105 | D:2      | Killed Robin
  1461 | D:3      | Noticed Grinder
  1474 | D:3      | Killed Grinder
  1474 | D:3      | Reached skill level 5 in Axes
  1474 | D:3      | Reached XP level 5. HP: 33/47 MP: 5/7
  1474 | D:3      | Reached XP level 6. HP: 37/53 MP: 5/8
  1592 | D:3      | Found a runed door.
  1737 | D:3      | Noticed Jessica
  1742 | D:3      | Killed Jessica
  1897 | D:3      | Reached XP level 7. HP: 59/59 MP: 10/10
  1995 | D:3      | Noticed Sigmund
  2025 | D:3      | Killed from afar by Sigmund

Vault maps used:
D:1:      dpeg_arrival_rooms_c
D:2:      grunt_ashenzari_visionary, uniq_robin
D:3:      ebering_ghost_reflecting_pool, dk_noncrumbling_2, uniq_jessica,
          uniq_grinder, uniq_sigmund

Skill      XL: |  1  2  3  4  5  6 |
---------------+-------------------+-----
Invocations    | 1 2 |  2.4
Short Blades   | 1 2 |  2.2
Long Blades    | 1 2 |  2.2
Maces & Flails | 1 2 |  2.2
Polearms       | 1 2 |  2.2
Staves         | 1 2 |  2.2
Slings         | 1 2 |  2.2
Bows           | 1 2 |  2.2
Crossbows      | 1 2 |  2.2
Throwing       | 1 2 |  2.2
Dodging        | 1 2 |  2.2
Stealth        | 1 2 |  2.2
Unarmed Combat | 1 2 |  2.2
Spellcasting   | 1 2 |  2.2
Evocations     | 1 2 |  2.2
Conjurations   | 1 |  1.7
Hexes          | 1 |  1.7
Charms         | 1 |  1.7
Summonings     | 1 |  1.7
Necromancy     | 1 |  1.7
Translocations | 1 |  1.7
Transmutations | 1 |  1.7
Fire Magic     | 1 |  1.7
Ice Magic      | 1 |  1.7
Air Magic      | 1 |  1.7
Earth Magic    | 1 |  1.7
Poison Magic   | 1 |  1.7
Axes           | 5 |  5.1
Fighting       | |  6.9
Armour         | |  6.9
Shields        | |  6.9

Action                   |  1- 3 |  4- 6 |  7- 9 || total
-------------------------+-------+-------+-------++-------
Melee: War axe           |    92 |   118 |    20 ||   230
       Bite              |     6 |    12 |     4 ||    22
  Use: Potion            |       |     1 |       ||     1
  Eat: Chunk             |       |     4 |       ||     4
Armor: Scale mail        |    62 |    35 |     4 ||   101
Dodge: Dodged            |    38 |    29 |     2 ||    69
Block: Shield            |    68 |    58 |     1 ||   127

Table legend:
 A = Non-vault XP
 B = Vault XP
 C = Vault XP percentage of total XP
 D = Non-vault monster count
 E = Vault monster count
 F = Vault count percentage of total count
                 A         B        C        D         E       F
            +---------+---------+-------+---------+---------+-------
      Total |     282 |     363 |  56.3 |      82 |      13 |  13.7
            +---------+---------+-------+---------+---------+-------
        D:1 |      43 |       0 |   0.0 |      29 |       0 |   0.0
        D:2 |      80 |      36 |  31.0 |      30 |      11 |  26.8
        D:3 |     159 |     327 |  67.3 |      23 |       2 |   8.0
            +---------+---------+-------+---------+---------+-------
